 Dungeon Crawl Stone Soup version 0.30-a0-883-g5ad918d77d (webtiles) character file.

Game seed: 16977223220981306648

160 dracfodder the Trooper (level 5, -10/33 HPs)
             Began as a Gargoyle Fighter on Mar 16, 2023.
             Killed by divine providence
             ... invoked by an orc priest
              (13 damage)
             ... on level 3 of the Dungeon.
             The game lasted 00:07:58 (1632 turns).

dracfodder the Trooper (Gargoyle Fighter)           Turns: 1632, Time: 00:08:00

Health: -10/33     AC: 12    Str: 21    XL:     5   Next: 41%
Magic:  5/5        EV:  9    Int:  9    God:
Gold:   22         SH:  4    Dex:  9    Spells: 4/4 levels left

rFire   . . .      SeeInvis .    a - +1 war axe
rCold   . . .      Faith    .    c - +0 buckler
rNeg    + . .      Spirit   .    f - +0 scale mail
rPois   ∞          Reflect  .    (no helmet)
rElec   +          Rampage  .    m - +0 cloak
rCorr   .                        (no gloves)
Will    .....                    (no boots) Stlth
                                 (no amulet)
HPRegen 0.25/turn                e - ring of flight
MPRegen 0.09/turn                (no ring)

@: mighty, flying
A: sickness immunity, AC +4, negative energy resistance 1, electricity
resistance, torment resistance 1, petrification resistance
a: no special abilities


You were on level 3 of the Dungeon.
You visited 1 branch of the dungeon, and saw 3 of its levels.

You collected 22 gold pieces.

Inventory:

Hand Weapons
 a - a +1 war axe (weapon)
 b - a +0 sling
Missiles
 h - 2 throwing nets
Armour
 c - a +0 buckler (worn)
 f - a +0 scale mail (worn)
 m - a +0 cloak (worn)
Jewellery
 e - a ring of flight (left hand)
Scrolls
 j - a scroll of teleportation
 n - 3 scrolls of identify
Potions
 d - a potion of might
 i - a potion of cancellation


   Skills:
 + Level 3.9 Fighting
 + Level 3.5 Axes
 + Level 1.5 Ranged Weapons
 + Level 3.5 Armour
 + Level 0.9 Dodging
 + Level 3.7 Shields


You had 4 spell levels left.
You didn't know any spells.
Your spell library contained the following spells:

 Spells                   Type           Power      Damage    Failure   Level
 Apportation              Tloc           0%         N/A       82%         1
 Necrotise                Necr           0%         1d4       82%         1
 Summon Small Mammal      Summ           0%         N/A       82%         1
 Call Canine Familiar     Summ           0%         N/A       99%         3
 Summon Guardian Golem    Hex/Summ       0%         N/A       99%         3
 Animate Armour           Summ/Erth      0%         N/A       100%        4
 Blade Hands              Tmut           0%         N/A       100%        5
 Iron Shot                Conj/Erth      0%         9d1       100%        6


Dungeon Overview and Level Annotations

Branches:
Dungeon (3/15)

Altars:


Innate Abilities, Weirdness & Mutations

You are immune to sickness and miasma.
Your stone body is resilient. (AC +4)
You are immune to poison.
You resist negative energy. (rN+)
You are resistant to electric shocks. (rElec)
You are resistant to unholy torment.
You are immune to petrification.


Message History

You drop a +0 ring mail.
You see here a +0 club.
You see here a +0 leather armour.
A frilled lizard comes into view.
The frilled lizard hisses angrily.
You block the frilled lizard's attack.
You barely miss the frilled lizard.
The frilled lizard bites you but does no damage. x2
You closely miss the frilled lizard.
The frilled lizard bites you but does no damage.
You closely miss the frilled lizard.
The frilled lizard bites you but does no damage.
You block the frilled lizard's attack.
You hit the frilled lizard.
You kill the frilled lizard!
No target in view!
You see here a frilled lizard corpse.
You now have 22 gold pieces (gained 10).
You pick up a book of Iron and begin reading...
You add the spells Animate Armour, Blade Hands and Iron Shot to your library.
An orc and an orc priest come into view.
The orc shouts!
The orc priest shouts!
An orc priest comes into view. It is wielding a +0 flail.
You feel very mighty all of a sudden.
The orc priest begins to cast a cantrip, but forgets the words!
The orc priest mumbles some strange prayers to Beogh against you.
Beogh smites you!
The orc priest mumbles some strange prayers to Beogh against you.
Beogh smites you! The orc priest closely misses you.
You slice the orc priest!!
You kill the orc priest!
You barely miss the orc.
The orc priest calls down the wrath of Beogh upon you.
Beogh smites you!
* * * LOW HITPOINT WARNING * * *
The orc barely misses you. x2
The orc priest calls down the wrath of Beogh upon you.
Beogh smites you!
You die...

### ..# #o# # #.#
### ###o# ...
..#@# ## #.#.#
####..# #.#.#
.....^########.#.#
#####............#
# #######.### #
#.# ## #.# .##
####.#


You could see an orc priest and an orc.

Vanquished Creatures
  2 orc priests (D:3)
  Jessica (D:2)
  3 adders
  A worm (D:2)
  3 orcs (D:3)
  5 ball pythons
  An endoplasm (D:2)
  A giant cockroach (D:1)
  3 hobgoblins (D:2)
  4 jackals (D:2)
  2 quokkas
  7 bats
  A frilled lizard (D:3)
  2 goblins
  A kobold (D:1)
  7 rats (D:1)
44 creatures vanquished.

Vanquished Creatures (others)
  22 plants (D:2)
22 creatures vanquished.

Grand Total: 66 creatures vanquished

Notes
Turn   | Place    | Note
-------+----------+-------------------------------------------
     0 | D:1      | dracfodder the Gargoyle Fighter began the quest for the
                  | Orb.
     0 | D:1      | Reached XP level 1. HP: 14/14 MP: 1/1
   138 | D:1      | Reached XP level 2. HP: 19/19 MP: 2/2
  1005 | D:2      | Reached XP level 3. HP: 23/23 MP: 3/3
  1006 | D:2      | Noticed Jessica
  1011 | D:2      | Killed Jessica
  1048 | D:2      | Found a faded altar of an unknown god.
  1103 | D:2      | Reached XP level 4. HP: 19/28 MP: 4/4
  1145 | D:2      | Reached skill level 1 in Ranged Weapons
  1508 | D:3      | Reached XP level 5. HP: 30/33 MP: 5/5
  1632 | D:3      | Killed from afar by an orc priest

Illustrated notes

Levels and vault maps discovered:
D:1:      dpeg_arrival_ratfight, layout_loops_ring, minmay_misc_feat_diagonals
D:2:      layout_rooms, hellmonk_ecumenical_altar_heavens_door,
          serial_bayou_lagoon_b, uniq_jessica
D:3:      layout_loops_ring, nicolae_overflow_ecumenical_swirl

Skill      XL: |  1  2  3  4 |
---------------+-------------+-----
Axes           | 2 3 |  3.5
Ranged Weapons | 1 |  1.5
Fighting       | |  3.9
Armour         | |  3.5
Dodging        | |  0.9
Shields        | |  3.7

Action                     |  1- 3 |  4- 6 || total
---------------------------+-------+-------++-------
  Melee: War axe           |    59 |    59 ||   118
   Fire: Sling             |    26 |     2 ||    28
    Use: Scroll            |     5 |     3 ||     8
         Potion            |       |     1 ||     1
 Armour: Scale mail        |    27 |    38 ||    65
  Dodge: Dodged            |    31 |    36 ||    67
  Block: Buckler           |    23 |    21 ||    44

Table legend: (Time is in decaauts)
 A = Elapsed time spent in this place.
 B = Non-inter-level travel time spent in this place.
 C = Inter-level travel time spent in this place.
 D = Time resting spent in this place.
 E = Time spent auto-exploring this place.
 F = Levels seen in this place.
 G = Mean time per level.
                   A        B        C        D        E       F      G
               +--------+--------+--------+--------+--------+-----+--------+
         Total |   1682 |   1572 |    110 |     44 |   1109 |   3 |  560.7 |
       Dungeon |   1682 |   1572 |    110 |     44 |   1109 |   3 |  560.7 |
               +--------+--------+--------+--------+--------+-----+--------+

Top non-repeatable levels by time:
     D:1: 813 daAuts
     D:2: 703 daAuts
     D:3: 165 daAuts
